 Dungeon Crawl Stone Soup version 0.23-a0-407-g92528d7 (webtiles) character file.

54 JeffiDaFish the Skirmisher (level 3, -1/29 HPs)
             Began as a Demonspawn Fighter on Nov 8, 2018.
             Slain by a gnoll
             ... wielding a +0 spear
              (2 damage)
             ... on level 2 of the Dungeon.
             The game lasted 00:02:29 (1491 turns).

JeffiDaFish the Skirmisher (Demonspawn Fighter)     Turns: 1491, Time: 00:02:30

Health: -1/29      AC:  9    Str: 22    XL:     3   Next: 66%
Magic:  3/3        EV:  5    Int:  9    God:
Gold:   84         SH: 13    Dex: 12    Spells: 2/2 levels left

rFire    . . .     SeeInvis +   a - +0 long sword
rCold    + . .     Gourm    .   c - +0 shield
rNeg     . . .     Faith    .   g - +0 chain mail
rPois    .         Spirit   .   (no helmet)
rElec    .         Reflect  .   (no cloak)
rCorr    .         Harm     .   (no gloves)
MR       .....                  (no boots)
Stlth    ..........             (no amulet)
HPRegen  0.09/turn              e - ring of see invisible
MPRegen  0.08/turn              h - ring of protection from cold

@: mighty
A: large bone plates 1
a: no special abilities


You were on level 2 of the Dungeon.
You were not hungry.

You visited 1 branch of the dungeon, and saw 2 of its levels.

You collected 84 gold pieces.

Inventory:

Hand Weapons
 a - a +0 long sword (weapon)
Armour
 c - a +0 shield (worn)
 g - a +0 chain mail (worn)
Jewellery
 e - a ring of see invisible (left hand)
 h - a ring of protection from cold (right hand)
Scrolls
 i - a scroll of identify
Comestibles
 b - a chunk of flesh
 f - 4 rations


   Skills:
 * Level 3.6 Fighting
 + Level 2.2 Long Blades
 * Level 3.3 Armour
 + Level 3.0 Shields


You had 2 spell levels left.
You didn't know any spells.
Your spell library was empty.

Dungeon Overview and Level Annotations

Branches:
Dungeon (2/15)

Altars:
Sif Muna


Innate Abilities, Weirdness & Mutations

You are partially covered in large bone plates. (SH +4)


Message History

You slash the frilled lizard!
You kill the frilled lizard!
The gnoll throws a throwing net.
The throwing net hits you.
You become entangled in the net!
The gnoll hits you from afar with a +0 spear.
* * * LOW HITPOINT WARNING * * *
You tear a large gash into the net.
The gnoll hits you from afar with a +0 spear.
* * * LOW HITPOINT WARNING * * *
You struggle against the net.
The gnoll hits you but does no damage. x2
You rip the net and break free!
You block the gnoll's attack. x2
You feel very mighty all of a sudden. You block the gnoll's attack.
The gnoll hits you from afar with a +0 spear.
* * * LOW HITPOINT WARNING * * *
You slash the gnoll!
The gnoll is heavily wounded.
You block the gnoll's attack.
The gnoll hits you from afar with a +0 spear.
You die...

#.. .. #.# #.## #.#
... .#
##########.###.##.# .#
...............##.##.#
##########>######..#.#
# # #.........#.#.##.
# #########.#...... #
#....@gg.# ##.#
#.######†##.#...
##.#.# #...g.(.......
##.#.# ......g..#.....
##.#.# ##.####..# ##..
##.#.# .. .... ##.#.#
#.#.# ##.#.# #.#.#
##.#.### #.#.#


You could see 2 gnolls.

Vanquished Creatures
  A gnoll (D:2)
  An adder (D:2)
  5 bats
  2 giant cockroaches (D:1)
  7 goblins
  4 hobgoblins
  2 jackals (D:2)
  3 kobolds
  4 frilled lizards
  6 rats
35 creatures vanquished.

Notes
Turn   | Place    | Note
-------+----------+-------------------------------------------
     0 | D:1      | JeffiDaFish the Demonspawn Fighter began the quest for the
                  | Orb.
     0 | D:1      | Reached XP level 1. HP: 18/18 MP: 1/1
   242 | D:1      | Gained mutation: You are partially covered in large bone
                  | plates. (SH +4) [demonic ancestry]
   242 | D:1      | Reached XP level 2. HP: 24/24 MP: 2/2
  1264 | D:2      | Reached XP level 3. HP: 24/29 MP: 3/3
  1388 | D:2      | Found a deep blue altar of Sif Muna.
  1490 | D:2      | HP: 1/29 [gnoll/+0 spear (5)]
  1491 | D:2      | Slain by a gnoll

Vault maps used:
D:1:      dpeg_arrival_renting, serial_park_tiny_1
D:2:      lemuel_round_altar, marbit_many_paths, uniq_terence

Skill      XL: |  1  2  3 |
---------------+----------+-----
Long Blades    | 2 |  2.2
Armour         | 3 |  3.3
Shields        | 3 |  3.0
Fighting       | |  3.6

Action                   || total
-------------------------++-------
Melee: Long sword        ||   122
  Use: Scroll            ||     2
       Potion            ||     3
  Eat: Chunk             ||     2
Armor: Scale mail        ||    16
       Chain mail        ||    74
Dodge: Dodged            ||    31
Block: Shield            ||   104
       Rpst.: Long sword ||     8

Table legend:
 A = Non-vault XP
 B = Vault XP
 C = Vault XP percentage of total XP
 D = Non-vault monster count
 E = Vault monster count
 F = Vault count percentage of total count
                 A         B        C        D         E       F
            +---------+---------+-------+---------+---------+-------
      Total |      77 |       1 |   1.3 |      34 |       1 |   2.9
            +---------+---------+-------+---------+---------+-------
        D:1 |      36 |       0 |   0.0 |      22 |       0 |   0.0
        D:2 |      41 |       1 |   2.4 |      12 |       1 |   7.7
            +---------+---------+-------+---------+---------+-------
